Map: Ephemeron LE

Players

HeRoMaRinE - Winner!

  • Race: Terran Terran
  • Spawn Location: 11:00

Lambo

  • Race: Zerg Zerg
  • Spawn Location: 5:00

VOD

Have the link to the VOD?

Description

Time

  • Played on: Sept. 6, 2019, 9:19 p.m.
  • Length: 23:34
Show
View Real Time Build Order
Export as new Build Order

HeRoMaRinE Terran - Winner!

Build Orders: Hellion Opening, Reaper Expand, Mech 

Get SALT Encoding   

  12  0:00  SCV  
  13  0:12  SCV  
  14  0:17  Supply Depot  
  14  0:24  SCV  
  15  0:39  SCV  
  15  0:40  Barracks  
  16  0:44  Refinery  
  16  0:51  SCV  
  17  1:03  SCV  
  18  1:15  SCV  
  19  1:27  Orbital Command, Reaper  
  20  1:40  Command Center  
  20  1:50  Supply Depot  
  20  1:53  SCV  
  21  1:59  Marine  
  22  2:05  SCV  
  22  2:08  Factory  
  23  2:13  Refinery  
  23  2:17  SCV  
  23  2:21  Barracks Reactor  
  24  2:29  SCV  
  25  2:41  SCV  
  26  2:53  SCV  
  26  2:54  Orbital Command  
  26  2:55  Starport  
  27  3:03  Hellion x2  
  27  3:05  SCV  
  32  3:17  SCV  
  32  3:19  SCV  
  34  3:24  Hellion  
  34  3:25  Hellion  
  34  3:26  Supply Depot  
  38  3:29  SCV  
  38  3:31  SCV  
  40  3:35  Fusion Core  
  42  3:41  SCV  
  42  3:43  SCV  
  48  3:48  Hellion x2  
  48  3:51  Supply Depot  
  48  3:54  SCV  
  48  3:55  SCV  
  50  4:03  Starport Tech Lab  
  50  4:06  SCV  
  50  4:07  SCV  
  50  4:10  Command Center  
  50  4:18  SCV  
  50  4:19  SCV  
  50  4:24  Battlecruiser  
  58  4:29  Supply Depot  
  58  4:30  SCV  
  59  4:31  SCV  
  59  4:36  Refinery  
  59  4:37  Refinery  
  60  4:42  SCV  
  60  4:43  SCV  
  62  4:51  Hellion x2  
  66  4:54  SCV  
  66  4:56  SCV  
  66  4:58  Factory  
  66  4:59  Factory  
  68  5:05  Supply Depot  
  68  5:06  SCV  
  69  5:08  SCV  
  70  5:22  SCV x2, Hellion x2  
  70  5:26  Supply Depot  
  76  5:34  SCV x2  
  76  5:35  Battlecruiser  
  84  5:46  Factory Tech Lab x2, SCV x2  
  84  5:48  Refinery  
  86  5:53  Hellion x2, Refinery  
  86  5:54  Orbital Command  
  86  5:57  Weapon Refit  
  90  5:58  SCV x2  
  92  6:06  Mag-Field Accelerator  
  92  6:08  Cyclone  
  95  6:12  Cyclone  
  95  6:13  SCV  
  95  6:14  Supply Depot  
  95  6:15  SCV  
  95  6:17  Supply Depot  
  100  6:22  SCV  
  101  6:32  Supply Depot  
  101  6:36  SCV x3  
  101  6:38  Engineering Bay  
  104  6:40  Cyclone, Supply Depot  
  104  6:44  Cyclone  
  116  6:47  Battlecruiser  
  116  6:48  SCV  
  116  6:53  SCV x2  
  119  6:54  Supply Depot  
  119  7:00  SCV  
  120  7:05  SCV x2  
  122  7:11  Missile Turret  
  122  7:13  Siege Tank, Hellion x2  
  129  7:16  Siege Tank  
  132  7:23  Factory x2  
  132  7:25  Command Center  
  132  7:38  Armory  
  132  7:39  Armory  
  132  7:45  Siege Tank, Supply Depot  
  132  7:47  Supply Depot  
  132  7:48  Siege Tank  
  138  7:55  Infernal Pre-Igniter  
  138  8:01  Missile Turret  
  138  8:02  SCV x2  
  138  8:03  SCV  
  141  8:07  Hellion x2  
  141  8:11  Factory Reactor  
  141  8:24  Siege Tank, Cyclone  
  146  8:31  Terran Vehicle And Ship Armor Level 1, Terran Vehicle Weapons Level 1  
  150  8:34  Hellion x2  
  150  8:36  Supply Depot  
  150  8:37  Supply Depot  
  150  8:45  Cyclone  
  151  8:56  Cyclone x2  
  151  8:58  Command Center, Hellion x2  
  151  9:00  Command Center  
  161  9:03  Hellion  
  161  9:07  SCV  
  161  9:08  SCV x2  
  166  9:11  Refinery  
  166  9:15  Factory x3, Refinery, Missile Turret  
  166  9:19  SCV  
  166  9:20  SCV x2  
  169  9:29  Cyclone x3  
  178  9:34  Hellion  
  178  9:35  Hellion  
  178  9:36  Hellion  
  184  9:41  Planetary Fortress  
  184  9:51  Barracks Reactor  
  184  9:52  Starport Reactor  
  184  10:01  Missile Turret  
  184  10:03  Sensor Tower  
  184  10:04  Factory Tech Lab x2  
  184  10:05  Siege Tank  
  187  10:10  Hellion x2  
  191  10:15  Orbital Command  
  191  10:31  Siege Tank  
  191  10:32  Siege Tank, Cyclone  
  200  10:41  Cyclone  
  185  10:42  Hellion  
  185  10:43  Hellion  
  185  10:54  Cyclone  
  185  10:59  Command Center  
  185  11:02  Terran Vehicle Weapons Level 2  
  185  11:03  Terran Vehicle And Ship Armor Level 2  
  185  11:04  Cyclone x2  
  186  11:26  Cyclone  
  186  11:27  Cyclone  
  186  11:28  Cyclone  
  167  11:34  Starport, Hellion x2  
  167  11:35  Starport, Hellion  
  167  11:36  Cyclone x2  
  164  11:48  Hellion x2, Planetary Fortress  
  164  11:51  SCV x4  
  172  11:58  Cyclone  
  172  11:59  Cyclone  
  172  12:00  Cyclone  
  172  12:01  Refinery  
  181  12:05  Refinery  
  181  12:08  Cyclone x2  
  187  12:14  Hellion x2  
  165  12:21  Hellion  
  165  12:22  Hellion  
  165  12:30  Cyclone  
  165  12:31  Cyclone  
  165  12:33  Cyclone  
  172  12:40  Cyclone, Siege Tank  
  167  12:55  Hellion  
  167  12:56  Hellion x2  
  167  12:57  Hellion  
  167  12:58  Hellion  
  177  13:02  Cyclone  
  177  13:03  Cyclone  
  177  13:05  Cyclone  
  181  13:12  Cyclone  
  169  13:14  Siege Tank  
  169  13:17  Orbital Command  
  169  13:22  Starport Reactor  
  169  13:23  Starport Tech Lab  
  169  13:25  Terran Vehicle Weapons Level 3  
  169  13:27  Orbital Command  
  166  13:34  Cyclone  
  166  13:35  Siege Tank  
  166  13:37  Siege Tank  
  171  13:44  Siege Tank  
  171  13:46  Cyclone  
  164  13:50  Liberator x3  
  164  13:51  Liberator  
  147  13:56  Liberator  
  147  13:59  Hellion x4  
  147  14:00  Advanced Ballistics  
  155  14:03  SCV  
  155  14:04  SCV  
  155  14:05  Hellion  
  155  14:06  Siege Tank, Hellion  
  155  14:08  Siege Tank  
  182  14:20  Terran Vehicle And Ship Armor Level 3  
  182  14:22  Cyclone  
  183  14:27  Cyclone  
  183  14:28  Cyclone  
  189  14:39  Cyclone  
  189  14:43  Hellion x2  
  189  14:45  Hellion  
  198  15:17  Command Center x2  
  198  15:18  Command Center  
  198  15:24  Cyclone  
  198  15:25  Cyclone  
  198  15:26  Hellion  
  155  15:29  Cyclone  
  155  15:30  Cyclone, Hellion x2  
  155  15:31  Cyclone  
  155  15:34  Liberator  
  165  15:38  Liberator x2  
  165  15:40  Liberator  
  161  15:52  Liberator  
  161  15:56  Cyclone  
  166  15:58  Cyclone  
  166  16:02  Terran Ship Weapons Level 1, Cyclone x2  
  166  16:03  Cyclone  
  171  16:10  Hellion x3  
  171  16:11  Hellion  
  149  16:14  Hellion x2  
  150  16:24  Liberator  
  150  16:26  Liberator x3  
  150  16:29  Siege Tank  
  150  16:30  Siege Tank, Orbital Command x2  
  156  16:34  Siege Tank x2  
  156  16:35  Siege Tank  
  156  16:38  Liberator  
  167  16:40  Hellion x2  
  181  16:57  Hellion x3  
  181  17:01  Cyclone  
  193  17:02  Cyclone  
  193  17:05  Hellion  
  198  17:13  Hi-Sec Auto Tracking  
  198  17:14  Command Center  
  198  17:17  Missile Turret  
  198  17:18  Missile Turret  
  196  17:25  Planetary Fortress  
  196  17:40  Missile Turret  
  196  17:41  Missile Turret  
  196  17:43  Refinery  
  188  17:46  Refinery  
  188  17:58  Thor x2  
  195  18:10  Neosteel Armor  
  193  18:14  Thor  
  187  18:20  Thor x2  
  194  18:57  Thor  
  194  19:17  Terran Ship Weapons Level 2  
  194  19:18  Thor  
  190  19:27  Orbital Command  
  190  19:29  Thor  
  190  19:31  Thor  
  198  19:35  Thor  
  194  19:44  Smart Servos  
  192  19:52  Thor  
  194  20:01  Thor  
  195  20:29  Thor  
  195  20:35  Liberator x2  
  195  20:39  Thor  
  192  20:44  Hellion x4  
  199  20:53  Thor  
  200  20:59  Command Center x2  
  200  21:09  Command Center  
  197  21:34  Hellion  
  199  21:41  Starport  
  199  21:42  Starport  
  199  21:48  Liberator x2  
  199  22:13  Liberator  
  199  22:14  Liberator x2  
  187  22:23  Thor  
  187  22:28  Thor  
  174  22:30  Liberator, Cyclone x3  
  174  22:35  Hellion x2  
  174  22:36  Hellion  
  129  22:48  Hellion x3  
  123  22:52  Orbital Command  
  123  22:53  Orbital Command  
  123  22:56  Hellion x2  
  123  22:57  Hellion  
  123  22:58  Starport Reactor x2, Starport Tech Lab  
  120  22:59  Starport Tech Lab  
  132  23:09  Hellion x3  
  149  23:26  Refinery  
Show
View Real Time Build Order
Export as new Build Order

Lambo Zerg 

Build Orders: Hatch First 

Get SALT Encoding   

  12  0:00  Drone  
  13  0:13  Overlord  
  13  0:16  Drone  
  14  0:31  Drone x2  
  16  0:48  Hatchery  
  15  0:50  Drone  
  15  0:55  Drone  
  17  0:58  Drone  
  18  1:09  Extractor  
  17  1:13  Spawning Pool  
  17  1:17  Drone  
  17  1:20  Drone  
  18  1:28  Drone  
  19  1:39  Drone  
  20  1:51  Overlord  
  20  2:00  Queen x2, Zergling x4  
  26  2:11  Drone x2  
  28  2:24  Drone  
  29  2:30  Hatchery  
  29  2:31  Drone  
  29  2:33  Drone  
  30  2:46  Pneumatized Carapace, Metabolic Boost  
  30  2:48  Drone  
  30  2:53  Overlord  
  30  2:56  Drone x2  
  32  3:02  Drone  
  33  3:06  Drone  
  33  3:10  Drone  
  33  3:12  Queen, Drone  
  38  3:13  Drone  
  38  3:17  Overlord  
  39  3:24  Drone x2  
  41  3:32  Queen  
  43  3:38  Overlord  
  43  3:42  Drone x3  
  43  3:46  Overlord  
  43  3:48  Zergling x8  
  50  3:54  Queen  
  52  3:57  Overlord  
  52  3:59  Drone x2  
  54  4:03  Queen  
  54  4:08  Drone  
  57  4:11  Drone x2  
  59  4:17  Roach Warren  
  59  4:20  Zergling x2  
  59  4:21  Drone x4  
  63  4:24  Drone  
  63  4:29  Overlord  
  64  4:32  Drone x2  
  64  4:33  Queen, Drone  
  64  4:36  Extractor  
  64  4:37  Extractor  
  67  4:39  Spore Crawler  
  67  4:43  Spore Crawler  
  67  4:44  Spore Crawler  
  67  4:45  Drone x2  
  66  4:53  Drone x2  
  66  4:54  Drone x2  
  66  4:57  Overlord  
  66  4:58  Drone x3  
  73  5:02  Overlord  
  73  5:04  Overlord  
  73  5:09  Roach x3  
  73  5:12  Roach  
  81  5:19  Queen, Lair  
  83  5:24  Roach x2  
  87  5:32  Overlord  
  87  5:33  Drone x3  
  87  5:35  Overlord x2  
  90  5:36  Drone  
  90  5:39  Extractor, Drone x2  
  92  5:46  Drone x2  
  92  5:49  Drone x5  
  99  5:54  Queen  
  99  5:55  Overlord, Evolution Chamber  
  99  5:56  Drone  
  101  5:59  Drone x2  
  101  6:00  Drone  
  101  6:01  Drone  
  105  6:08  Drone x2  
  105  6:09  Drone  
  108  6:12  Drone x3  
  108  6:17  Extractor  
  108  6:18  Extractor  
  109  6:19  Glial Reconstitution  
  109  6:26  Roach x2  
  109  6:28  Zerg Missile Weapons Level 1  
  109  6:30  Spore Crawler, Spire, Hatchery  
  110  6:33  Evolution Chamber  
  110  6:35  Ravager x2  
  110  6:39  Roach x2  
  115  6:43  Drone x5  
  115  6:44  Drone  
  121  6:52  Baneling Nest  
  120  6:55  Spore Crawler, Drone x2  
  121  7:05  Overlord  
  121  7:06  Overlord  
  121  7:07  Overlord  
  119  7:15  Overlord  
  119  7:16  Roach  
  119  7:17  Overlord  
  115  7:32  Drone x7  
  115  7:33  Drone x3  
  115  7:35  Extractor  
  115  7:36  Centrifical Hooks  
  115  7:37  Zerg Melee Weapons Level 1, Extractor  
  121  7:40  Infestation Pit, Queen x3, Drone x2  
  124  7:45  Zerg Flyer Armor Level 1, Drone  
  124  7:46  Drone x2  
  127  7:53  Overlord  
  127  7:55  Hatchery  
  126  8:02  Queen  
  126  8:03  Corruptor x3  
  134  8:10  Corruptor  
  134  8:11  Corruptor x2  
  137  8:16  Drone  
  137  8:17  Drone  
  137  8:18  Hive  
  137  8:19  Pathogen Glands  
  139  8:21  Corruptor x2  
  143  8:27  Drone x7  
  143  8:28  Drone  
  151  8:35  Zergling x8  
  151  8:41  Corruptor  
  155  8:42  Spire  
  155  8:43  Zergling x6  
  155  8:44  Ravager x2  
  155  8:46  Infestor  
  163  8:51  Infestor  
  166  8:55  Zergling x20  
  166  8:58  Overlord  
  166  9:01  Overlord  
  166  9:02  Spore Crawler  
  174  9:03  Extractor  
  174  9:04  Extractor  
  174  9:05  Overlord  
  174  9:06  Overlord  
  174  9:08  Baneling x9  
  172  9:12  Overlord  
  172  9:14  Baneling x2  
  172  9:15  Baneling x2  
  172  9:19  Corruptor x2  
  172  9:23  Corruptor x2  
  172  9:24  Corruptor  
  178  9:27  Corruptor  
  174  9:33  Queen  
  174  9:43  Drone x4  
  174  9:44  Drone x2  
  180  9:46  Zergling x2  
  180  9:47  Zergling x18  
  180  9:48  Ravager x3, Overlord  
  193  9:57  Zerg Melee Weapons Level 2  
  193  9:58  Zerg Ground Armor Level 1  
  193  9:59  Zerg Flyer Weapons Level 1  
  193  10:05  Zerg Flyer Armor Level 2  
  193  10:06  Drone  
  193  10:07  Drone x2  
  196  10:13  Overlord  
  196  10:15  Ravager x3  
  196  10:17  Overlord  
  196  10:18  Zergling x2  
  196  10:20  Baneling x7  
  200  10:23  Hatchery  
  199  10:39  Zergling x14  
  191  10:55  Roach x9  
  200  11:10  Drone x14  
  180  11:18  Roach x3  
  184  11:27  Roach x3  
  184  11:31  Corruptor  
  184  11:32  Corruptor  
  175  11:38  Baneling  
  175  11:39  Roach x4, Baneling x9  
  178  11:45  Roach  
  178  11:46  Roach  
  174  11:49  Ravager x3  
  174  11:50  Ravager x3, Zergling x6  
  183  11:59  Zergling x2  
  183  12:00  Zergling x6  
  183  12:01  Ravager x11  
  197  12:02  Zergling x2  
  197  12:06  Zergling x2  
  192  12:11  Roach x4  
  175  12:17  Roach  
  175  12:20  Zergling x20  
  175  12:22  Baneling x8  
  182  12:24  Zerg Missile Weapons Level 2, Zerg Melee Weapons Level 3  
  182  12:25  Adrenal Glands  
  182  12:28  Zergling x2, Roach  
  182  12:29  Zergling x4  
  187  12:34  Drone x6  
  187  12:36  Baneling  
  187  12:37  Baneling x3  
  193  12:38  Zergling x4  
  193  12:39  Queen x2  
  193  12:44  Zergling x6  
  194  12:49  Zergling x18  
  199  12:54  Zergling x8  
  195  12:59  Zergling x8  
  192  13:07  Zergling x4  
  192  13:09  Queen x2  
  179  13:16  Zergling x30  
  179  13:19  Zergling x4  
  194  13:25  Baneling  
  194  13:26  Baneling x21  
  194  13:28  Drone x5  
  194  13:35  Zergling x8  
  194  13:39  Zergling x4  
  188  13:42  Zergling x2  
  188  13:43  Overlord  
  188  13:46  Zergling x12  
  188  13:47  Zergling x4  
  170  13:50  Zergling x4  
  170  13:52  Zergling x2  
  159  14:03  Drone x4  
  159  14:04  Drone  
  159  14:06  Neural Parasite  
  159  14:09  Zerg Flyer Armor Level 3, Infestor x7  
  164  14:12  Baneling x12  
  164  14:13  Roach x2  
  182  14:19  Baneling x6  
  182  14:20  Roach x4  
  190  14:25  Drone x2  
  190  14:26  Drone  
  190  14:27  Spore Crawler, Spine Crawler  
  191  14:35  Greater Spire  
  191  14:37  Zergling x18  
  199  14:45  Burrow  
  199  14:49  Overlord  
  199  15:00  Extractor x2  
  199  15:01  Baneling x6  
  197  15:07  Zerg Ground Armor Level 2  
  197  15:08  Zerg Missile Weapons Level 3  
  197  15:10  Drone x2  
  199  15:17  Overlord  
  199  15:24  Zergling x22  
  199  15:25  Roach x3  
  188  15:28  Zergling x26, Roach x5  
  188  15:33  Zergling x2, Roach  
  190  15:39  Roach x6  
  190  15:41  Ravager x2  
  199  15:48  Baneling x5  
  199  15:49  Ravager x3, Baneling  
  188  15:50  Ravager x5  
  188  15:55  Drone x6  
  196  16:01  Overlord  
  182  16:07  Infestor x4  
  166  16:12  Drone x4  
  169  16:26  Zergling x28  
  169  16:30  Baneling x7  
  183  16:33  Corruptor  
  183  16:35  Zerg Flyer Weapons Level 2  
  183  16:38  Drone x2  
  187  16:45  Ravager x2  
  189  16:47  Overseer  
  189  16:48  Corruptor x3  
  195  17:15  Overseer  
  195  17:16  Overseer  
  195  17:17  Overseer  
  195  17:25  Drone x3  
  198  17:35  Hatchery, Extractor  
  196  17:38  Extractor  
  194  17:54  Brood Lord  
  194  17:55  Brood Lord x2, Spore Crawler  
  194  17:56  Spore Crawler x2  
  196  18:03  Brood Lord x5  
  199  18:16  Brood Lord  
  197  18:20  Corruptor x6  
  200  18:30  Corruptor  
  200  18:31  Overlord  
  197  18:43  Corruptor x2  
  197  18:46  Overlord  
  195  18:54  Corruptor x7  
  198  19:02  Corruptor  
  198  19:07  Corruptor x2  
  198  19:08  Corruptor  
  194  19:16  Viper  
  196  19:21  Hatchery  
  196  19:24  Brood Lord  
  195  19:31  Drone x3  
  189  19:36  Infestor x4  
  191  19:41  Brood Lord  
  191  19:42  Brood Lord x2  
  197  19:49  Drone x3  
  200  19:55  Brood Lord x2, Hatchery  
  200  19:56  Extractor  
  193  20:09  Zergling x2  
  193  20:10  Zergling x12  
  195  20:20  Overlord  
  192  20:41  Zerg Flyer Weapons Level 3  
  192  20:46  Infestor x8  
  192  20:47  Brood Lord  
  194  21:04  Brood Lord  
  194  21:10  Brood Lord  
  196  21:26  Corruptor x2  
  200  21:39  Overseer  
  200  21:40  Overseer  
  200  22:03  Corruptor x3  
  133  22:31  Zergling x24  
  99  22:41  Brood Lord  
  91  22:44  Brood Lord  
  91  22:45  Zergling x8  
  87  22:55  Brood Lord  
  88  23:01  Hatchery  
  87  23:06  Brood Lord  
Tags
 
Add a new tag
Caveats
  • Supply blocks, unpowered buildings, or Contaminate may cause inaccurate times.
  • Supply counts are checked every 10 seconds.